 Dungeon Crawl Stone Soup version 0.15-a0-2198-g7f377d1 (webtiles) character file.

325 MrRokkomies the Bolt Thrower (level 6, -2/48 HPs)
             Began as a Formicid Hunter on July 23, 2014.
             Was an Initiate of the Shining One.
             Slain by a crocodile (9 damage)
             ... in a sewer.
             The game lasted 00:11:00 (2521 turns).

MrRokkomies the Bolt Thrower (Formicid Hunter)      Turns: 2521, Time: 00:11:00

HP  -2/48        AC 16     Str 17      XL: 6   Next: 78%
MP   8/8         EV  6     Int 10      God: the Shining One [......]
Gold 86          SH  0     Dex 13      Spells:  0 memorised,  5 levels left

rFire  . . .     SeeInvis +     a - +0 flail (protect)
rCold  + . .     Clarity  +     j - +0 chain mail
rNeg   . . .     rCorr    .     (no shield)
rPois  .         rRot     .     (helmet unavailable)
rElec  .         Spirit   .     e - +0 cloak
SustAb .         Warding  .     (no gloves)
rMut   .         Stasis   +     l - +1 pair of boots
Gourm  .                        n - amulet of clarity
MR     .....                    (no ring)
                                d - ring of protection from cold

@: very slightly contaminated, invisible, not resistant to hostile enchantments,
extremely unstealthy
A: permanent stasis, dig shafts and tunnels, four strong arms, antennae 3
a: Dig, Shaft Self, Renounce Religion


You were in a sewer.
You worshipped the Shining One.
The Shining One was noncommittal.
You were hungry.

You visited 1 branch of the dungeon, and saw 3 of its levels.
You also visited: Sewer.

You collected 86 gold pieces.

Inventory:

Hand weapons
 a - a +0 flail of protection (weapon)
 b - a +2 hand crossbow
Missiles
 c - 37 bolts
Armour
 e - a +0 cloak (worn)
 j - a +0 chain mail (worn)
 l - a +1 pair of boots (worn)
Magical devices
 o - a wand of flame (7) {unknown}
Comestibles
 f - 3 bread rations
 q - 5 fruits
 r - 2 meat rations
Scrolls
 h - 2 scrolls of remove curse
 s - a scroll of amnesia
 t - a scroll of fear {unknown}
Jewellery
 d - a ring of protection from cold (left hand)
 n - an amulet of clarity (around neck)
Potions
 g - a potion of haste {unknown}
 i - a potion of invisibility
 k - 2 potions of flight
 m - a potion of brilliance {unknown}
 p - a potion of agility {unknown}
 u - a potion of curing {unknown}


   Skills:
 + Level 3.7 Fighting
 * Level 6.7 Crossbows
 - Level 1.7 Dodging
 - Level 1.2 Stealth


You had 5 spell levels left.
You didn't know any spells.

Dungeon Overview and Level Annotations

Branches:
Dungeon (3/15)

Altars:
Ashenzari
Fedhas
Makhleb
Nemelex Xobeh
The Shining One


Innate Abilities, Weirdness & Mutations

Your are under a permanent stasis effect.
You can dig through walls and to a lower floor.
Your four strong arms can wield two-handed weapons with a shield.
You have a pair of large antennae on your head (SInv).


Message History

You hit the crocodile.
The crocodile is heavily wounded.
The crocodile bites you! The crocodile bites you.
You barely miss the crocodile.
The crocodile is heavily wounded.
The crocodile bites you!
You are feeling hungry.
You barely miss the crocodile.
The crocodile is heavily wounded.
The crocodile bites you!
* * * LOW HITPOINT WARNING * * *
Evoke which item? (* to show all) (? for menu, Esc to quit)
Okay, then.
Drink which item? (? for menu, Esc to quit)
You fade into invisibility!
The crocodile barely misses you.
You are very lightly contaminated with residual magic.
The crocodile bites you but does no damage.
The crocodile bites you!
You die...

##################
#.##)##.##(##.##.#
#.##.##.##.##.##.# {
#'##'##%##'##'##'##+#
#..........@t.......#
≈≈≈≈≈#≈≈≈≈≈≈≈≈≈.≈≈≈≈≈≈≈≈≈#≈≈≈≈
≈≈≈≈≈#≈≈≈≈≈≈≈≈≈∩≈≈≈≈≈≈≈≈≈#≈≈≈
≈≈≈≈≈#≈≈≈≈≈≈≈≈≈.≈≈≈≈≈≈≈≈≈#≈≈≈
######...................####
#+##+##+##.##+##+##+# { #.# {
{ #∩# ###


You could see a crocodile.

Vanquished Creatures
  Purgy (D:3)
  Crazy Yiuf (D:2)
  A green rat (D:3)
  3 adders (D:2)
  8 gnolls
  A giant mite (D:3)
  2 worms (D:2)
  3 giant geckos
  An ooze (D:3)
  3 orcs
  A ball python (D:3)
  7 giant cockroaches
  4 hobgoblins (D:2)
  3 jackals (D:2)
  10 kobolds
  A quokka (D:3)
  3 bats
  2 giant newts (D:2)
  4 goblins
  12 rats
71 creatures vanquished.

Notes
Turn   | Place    | Note
--------------------------------------------------------------
     0 | D:1      | MrRokkomies, the Formicid Hunter, began the quest for the Orb.
     0 | D:1      | Reached XP level 1. HP: 15/15 MP: 1/1
   173 | D:1      | Reached XP level 2. HP: 21/21 MP: 3/3
   878 | D:2      | Reached XP level 3. HP: 25/27 MP: 4/4
  1007 | D:2      | Reached XP level 4. HP: 32/34 MP: 5/5
  1037 | D:2      | Reached skill level 5 in Crossbows
  1478 | D:2      | Reached XP level 5. HP: 39/39 MP: 7/7
  1619 | D:2      | Noticed Crazy Yiuf
  1629 | D:2      | Killed Crazy Yiuf
  1921 | D:3      | Found a burning altar of Makhleb.
  1921 | D:3      | Found a glowing golden altar of the Shining One.
  1921 | D:3      | Found a sparkling altar of Nemelex Xobeh.
  1921 | D:3      | Found a blossoming altar of Fedhas.
  1921 | D:3      | Found a shattered altar of Ashenzari.
  2075 | D:3      | Became a worshipper of the Shining One
  2154 | D:3      | Reached skill level 6 in Crossbows
  2160 | D:3      | Reached XP level 6. HP: 45/47 MP: 8/8
  2256 | D:3      | Noticed Purgy
  2271 | D:3      | Killed Purgy
  2394 | D:3      | Found a glowing drain.
  2448 | Sewer    | Entered a sewer
  2521 | Sewer    | Slain by a crocodile

Action                   |  1- 3 |  4- 6 || total
-------------------------+-------+-------++-------
Melee: Short sword       |    78 |       ||    78
       Flail             |    18 |   126 ||   144
 Fire: Hand crossbow     |     5 |    48 ||    53
Throw: Throwing net      |     1 |       ||     1
  Use: Scroll            |     4 |     4 ||     8
       Potion            |       |     1 ||     1
 Stab: Sleeping          |     2 |       ||     2
       Held in net/web   |     1 |       ||     1
  Eat: Chunk             |       |     5 ||     5
